[Event "ICC tourney 2906 (40 10)"]
[Site "Internet Chess Club"]
[Date "2022.05.07"]
[Round "5"]
[White "WU, WILLIAM:chessw23"]
[Black "LU, YIDING:K05-16857692"]
[Result "1-0"]
[ICCResult "Black checkmated"]
[WhiteElo "1959"]
[BlackElo "1827"]
[Opening "Pirc defense"]
[ECO "B07"]
[NIC "PU.08"]
[Time "20:00:14"]
[PlyCount "115"]
[TimeControl "2400+10"]

1. e4 d6 2. d4 Nf6 3. Nc3 e5 4. dxe5 dxe5 5. Qxd8+ Kxd8 6. Bc4 Ke8 7. Nf3
Bd6 8. Bg5 c6 9. Bxf6 gxf6 10. Ne2 Nd7 11. Ng3 Nc5 12. Rd1 Bc7 13. a3 b5 14.
Ba2 a5 15. Ke2 Be6 16. Bxe6 fxe6 17. Rd2 Ke7 18. Rhd1 Rhd8 19. Ne1 Na4 20.
Rxd8 Rxd8 21. Rxd8 Bxd8 22. b3 Nc5 23. Nd3 Nd7 24. f3 Kd6 25. Nf1 c5 26. Nb2
Nb6 27. Ne3 a4 28. bxa4 Nxa4 29. Nxa4 bxa4 30. Kd3 Kc6 31. Kc4 Be7 32. Nd1
Kb6 33. Nc3 Ka5 34. Ne2 f5 35. Ng3 f4 36. Nh5 Kb6 37. Ng7 Bh4 38. Nxe6 Bf2
39. Nf8 Bd4 40. c3 Be3 41. Nd7+ Kc6 42. Nxe5+ Kd6 43. Nd3 h5 44. e5+ Kc6 45.
e6 Kd6 46. Nxc5 Bxc5 47. e7 Bxa3 48. e8=Q Bb2 49. Qxa4 Bxc3 50. Kxc3 Ke5 51.
Qe4+ Kf6 52. Qxf4+ Kg6 53. Kd4 Kh7 54. Ke5 h4 55. Kf6 h3 56. Qc7+ Kh6 57.
Qg7+ Kh5 58. Qg5# {Black checkmated} 1-0

[Event "ICC tourney 2906 (40 10)"]
[Site "Internet Chess Club"]
[Date "2022.05.07"]
[Round "5"]
[White "SHAWKAT, SAIF:saif-shawkat"]
[Black "WU, JAYDEN:SparkyNinja"]
[Result "0-1"]
[ICCResult "White resigns"]
[WhiteElo "1911"]
[BlackElo "1771"]
[Opening "Sicilian: Najdorf, 7...Qb6"]
[ECO "B97"]
[NIC "SI.08"]
[Time "20:00:13"]
[PlyCount "50"]
[TimeControl "2400+10"]

1. e4 c5 2. Nf3 d6 3. d4 cxd4 4. Nxd4 Nf6 5. Nc3 a6 6. Bg5 e6 7. f4 Qb6 8.
Nb3 Nc6 9. Bxf6 gxf6 10. Qe2 Be7 11. O-O-O Qc7 12. Qh5 b5 13. f5 Bd7 14.
fxe6 Bxe6 15. Nd4 Nxd4 16. Rxd4 Rc8 17. Rd2 Qa5 18. Rd3 Bxa2 19. Nxa2 Qxa2
20. Ra3 Qe6 21. Rxa6 O-O 22. Ra3 Rc5 23. Qh6 Rg5 24. Bxb5 Rxb5 25. Rh3 Qxe4
{White resigns}
0-1

[Event "ICC tourney 2906 (40 10)"]
[Site "Internet Chess Club"]
[Date "2022.05.07"]
[Round "5"]
[White "KOEHL, EVAN:MacAndSneeze"]
[Black "WANG, TED:tedwpnw"]
[Result "0-1"]
[ICCResult "White checkmated"]
[WhiteElo "1790"]
[BlackElo "1711"]
[Opening "Sicilian: Nimzovich-Rossolimo attack (with ...g6, without ...d6)"]
[ECO "B31"]
[NIC "SI.31"]
[Time "20:00:10"]
[PlyCount "120"]
[TimeControl "2400+10"]

1. e4 c5 2. Nf3 Nc6 3. Bb5 g6 4. O-O Bg7 5. c3 Nf6 6. Re1 O-O 7. d4 cxd4 8.
cxd4 d5 9. e5 Ne4 10. Bxc6 bxc6 11. Be3 Rb8 12. Qc1 Qb6 13. b3 Ba6 14. Nc3
Rfc8 15. Nd2 Nxd2 16. Qxd2 Qa5 17. Rac1 e6 18. f4 Bf8 19. Na4 Bb4 20. Qf2
Bxe1 21. Rxe1 Bb5 22. Nc5 Ba6 23. f5 exf5 24. Qh4 h5 25. Rc1 Bb7 26. Nd7 Qd8
27. Nf6+ Kg7 28. Bg5 Qh8 29. Nd7 Qe8 30. Nf6 Qe6 31. Qf4 Rh8 32. Rc3 Rbc8
33. b4 a6 34. a3 Ba8 35. Rc5 Bb7 36. Kf2 Ba8 37. Kf1 Rb8 38. h3 Rb5 39. Kf2
Rxc5 40. dxc5 Qc8 41. Qd4 Qe6 42. Ke3 Kf8 43. Kf3 Bb7 44. g3 Kg7 45. Qf4 Qc8
46. Qd4 Qe6 47. Kg2 f4 48. Qxf4 Qf5 49. Qe3 d4 50. Qd2 Qxe5 51. h4 Bc8 52.
Kh2 Bg4 53. Nxg4 hxg4 54. Bf4 Qe4 55. Kg1 Re8 56. Kf2 d3 57. Bh6+ Kh7 58.
Qg5 Qf3+ 59. Kg1 Re1+ 60. Kh2 Rh1# {White checkmated} 0-1

[Event "ICC tourney 2906 (40 10)"]
[Site "Internet Chess Club"]
[Date "2022.05.07"]
[Round "5"]
[White "KHANIN, SEMEN:TTU-Khanin"]
[Black "Volkov, Sergey:Volkov"]
[Result "1-0"]
[ICCResult "Black forfeits on time"]
[WhiteElo "2567"]
[BlackElo "2560"]
[Opening "French: Steinitz, Boleslavsky variation"]
[ECO "C11"]
[NIC "FR.04"]
[Time "20:00:54"]
[PlyCount "111"]
[TimeControl "2400+10"]

1. e4 e6 2. d4 d5 3. Nc3 Nf6 4. e5 Nfd7 5. f4 c5 6. Nf3 Nc6 7. Be3 Be7 8.
Qd2 O-O 9. dxc5 Qa5 10. a3 Bxc5 11. Bxc5 Qxc5 12. Bd3 f6 13. exf6 Nxf6 14.
O-O-O Bd7 15. Rhe1 Rac8 16. Kb1 a6 17. Ne2 Kh8 18. h3 b5 19. Ne5 Qb6 20. g4
a5 21. Ng3 b4 22. a4 b3 23. c3 Nxe5 24. fxe5 Ng8 25. Qg5 g6 26. h4 Rf3 27.
h5 Qd8 28. Qxd8 Rxd8 29. Ne2 gxh5 30. Rh1 Be8 31. gxh5 Re3 32. Nf4 Rxe5 33.
Rde1 Rxe1+ 34. Rxe1 Bf7 35. Kc1 Rd6 36. Bb5 Kg7 37. Rg1+ Kf6 38. Nd3 Nh6 39.
Nc5 Nf5 40. Nb7 Rb6 41. Nxa5 Bxh5 42. Nxb3 Rb8 43. Nc5 Ke7 44. Re1 Bf7 45.
Bd3 Kd6 46. b4 h5 47. a5 Ng3 48. Kd2 h4 49. Bf1 e5 50. Bh3 Be8 51. a6 Bc6
52. Ra1 Ba8 53. a7 Rb6 54. Kc2 Kc7 55. Nd7 Rf6 56. Nxf6 {Black forfeits on
time} 1-0

[Event "ICC tourney 2906 (40 10)"]
[Site "Internet Chess Club"]
[Date "2022.05.07"]
[Round "5"]
[White "LIN, LEO FANYUE:Leolix"]
[Black "Nguyen, Hoa Duc:leoman"]
[Result "1/2-1/2"]
[ICCResult "Game drawn by mutual agreement"]
[WhiteElo "2000"]
[BlackElo "2492"]
[Opening "Sicilian: closed"]
[ECO "B23"]
[NIC "SI.44"]
[Time "20:28:49"]
[PlyCount "82"]
[TimeControl "2400+10"]

1. e4 c5 2. Nc3 e6 3. Nge2 Nc6 4. g3 d5 5. exd5 exd5 6. d4 Nf6 7. Bg2 Bg4 8.
h3 Bf5 9. O-O Qd7 10. Kh2 O-O-O 11. Be3 h5 12. dxc5 Ng4+ 13. hxg4 hxg4+ 14.
Kg1 d4 15. Bxd4 Nxd4 16. Nxd4 Qxd4 17. Qxd4 Rxd4 18. Rfe1 Bd7 19. Rad1 Bxc5
20. Ne4 Rxd1 21. Rxd1 Be7 22. Nc3 Rd8 23. Nd5 Bg5 24. c4 Re8 25. Nc3 Bf5 26.
Nb5 Bc2 27. Rd5 Re1+ 28. Kh2 Bf6 29. Nxa7+ Kb8 30. Nb5 Rd1 31. Rxd1 Bxd1 32.
b4 Be5 33. Bd5 f5 34. c5 g5 35. Nd6 f4 36. Nxb7 Bd4 37. Kg2 Bf3+ 38. Bxf3
gxf3+ 39. Kxf3 Kxb7 40. gxf4 gxf4 41. a4 Kc6 {Game drawn by mutual
agreement} 1/2-1/2

[Event "ICC tourney 2906 (40 10)"]
[Site "Internet Chess Club"]
[Date "2022.05.07"]
[Round "5"]
[White "YAN, RUIYANG:jy2020"]
[Black "LIU, ERIC CHANG:el008"]
[Result "1-0"]
[ICCResult "Black resigns"]
[WhiteElo "2185"]
[BlackElo "2059"]
[Opening "Sicilian: Najdorf"]
[ECO "B90"]
[NIC "SI.14"]
[Time "20:00:25"]
[PlyCount "169"]
[TimeControl "2400+10"]

1. e4 c5 2. Nf3 d6 3. d4 cxd4 4. Nxd4 Nf6 5. Nc3 a6 6. a4 e5 7. Nf3 Be7 8.
Bc4 Be6 9. Bxe6 fxe6 10. O-O O-O 11. Qe2 Nc6 12. Be3 Rc8 13. Rfd1 Re8 14. a5
Nxa5 15. Nxe5 Qc7 16. Nf3 Nc4 17. Bc1 Qc5 18. Nd4 Bd8 19. b3 Na5 20. Bb2 Nc6
21. Nxc6 Rxc6 22. Rd3 b5 23. Rc1 Bb6 24. Nd1 e5 25. c4 b4 26. Rc2 Qa5 27. g3
Bc5 28. Kg2 Qb6 29. Ne3 Bxe3 30. Rxe3 Qb7 31. Rd3 Nd7 32. Qe3 Nc5 33. Rd5
Qe7 34. Bc1 Ra8 35. Bd2 Rb8 36. Ra2 Rcb6 37. Bc1 Ra8 38. Bb2 Rc6 39. Bc1 Qe6
40. Bd2 Rb8 41. Ra5 Rb7 42. f3 Qe7 43. Ra1 Rb8 44. Be1 Rb7 45. Bf2 Rb8 46.
Rb1 Rf8 47. Qe2 Qf6 48. Bxc5 dxc5 49. Rbd1 Qe6 50. Qe3 Rfc8 51. Qg5 Re8 52.
Rd8 Rc8 53. R8d7 Qf6 54. Qxf6 gxf6 55. R1d6 a5 56. Rxf6 a4 57. bxa4 Rcd8 58.
Rxd8 Rxd8 59. a5 Rd2+ 60. Kh3 Ra2 61. a6 b3 62. Rb6 b2 63. a7 Rxa7 64. Rxb2
Ra4 65. Rc2 Kg7 66. Kg4 Kg6 67. f4 h5+ 68. Kh4 Ra1 69. f5+ Kf6 70. Re2 Rc1
71. Kxh5 Rxc4 72. g4 Rd4 73. g5+ Kf7 74. Kh6 Rd3 75. h4 c4 76. g6+ Kf6 77.
g7 Rg3 78. Ra2 c3 79. Ra6+ Kf7 80. Rc6 c2 81. Rxc2 Rxg7 82. Rc7+ Kf6 83.
Rc6+ Kf7 84. Rg6 Rxg6+ 85. fxg6+ {Black resigns} 1-0